 Dungeon Crawl Stone Soup version 0.30.0-29-ga12c61a403 (webtiles) character file.

Game seed: 9953520381361814272

10397 croobank the Cleaver (level 11, 0/88 HPs)
             Began as a Demigod Fire Elementalist on June 19, 2023.
             Killed from afar by a catoblepas (7 damage)
             ... with a blast of calcifying dust
             ... on level 1 of the Lair of Beasts.
             The game lasted 01:24:59 (13718 turns).

croobank the Cleaver (Demigod Fire Elementalist)   Turns: 13718, Time: 01:24:59

Health: 0/88       AC:  7    Str: 17    XL:     11   Next: 13%
Magic:  2/23       EV: 15    Int: 39    God:
Gold:   50         SH:  0    Dex: 17    Spells: 4/20 levels left

rFire   . . .        a - +0 war axe of Saipyop {flame, Int+6}
rCold   . . .        (no shield)
rNeg    + + .        C - +0 steam dragon scales
rPois   +            (no helmet)
rElec   .            (no cloak)
rCorr   .            G - +1 pair of gloves {Dex+3}
SInv    .            (no boots)
Will    ++...        (no amulet)
Stlth   +++          L - ring of poison resistance
HPRegen 0.34/turn    o - ring of Ungi {rN++ Will+ Str+8 Int+4}
MPRegen 0.18/turn

%: no passive effects
@: no status effects
A: high MP 1, forlorn, divine attributes
a: no special abilities


You were on level 1 of the Lair of Beasts.
You visited 2 branches of the dungeon, and saw 10 of its levels.
You also visited: Bailey.

You collected 638 gold pieces.
You spent 588 gold pieces at shops.

Inventory:

Hand Weapons
 a - the +0 war axe of Saipyop (weapon) {flame, Int+6}
   (You found it on level 7 of the Dungeon)

   Int:       It affects your intelligence (+6).
 b - a +4 hand crossbow of freezing
 h - a +4 long sword of freezing
 k - a +2 whip of electrocution
 s - a +1 dagger of flaming
 t - a +0 falchion
 u - a +11 broad axe
 y - a +2 heavy hand axe
 B - a +2 broad axe of draining
 M - a +0 dagger of speed
 O - a +2 dagger of venom
Missiles
 j - 8 javelins (quivered)
 v - 11 boomerangs
 K - a curare-tipped dart
 N - 31 poisoned darts
Armour
 i - the +4 ring mail of Midsummer {rN+ Slay+3}
   (You took it off an orc priest on level 8 of the Dungeon)

   Slay:      It affects your accuracy & damage with ranged weapons and melee
   (+3).
   rN:        It protects you from negative energy.
 l - a +0 leather armour
 C - +0 steam dragon scales (worn)
 G - a +1 pair of gloves of dexterity (worn)
 P - a +1 leather armour of poison resistance
Magical Staves
 p - a staff of cold
 z - a staff of poison
Jewellery
 c - a +5 ring of evasion
 o - the ring of Ungi (right hand) {rN++ Will+ Str+8 Int+4}
   (You acquired it in a bailey)

   [ring of willpower]

   Str:       It affects your strength (+8).
   Int:       It affects your intelligence (+4).
   rN:        It greatly protects you from negative energy.
   Will:      It increases your willpower.
 r - a ring of protection from fire
 A - a ring of wizardry
 L - a ring of poison resistance (left hand)
 Q - a +6 ring of dexterity
 S - a ring of see invisible
Wands
 x - a wand of iceblast (19)
 I - a wand of flame (17)
Scrolls
 e - a scroll of vulnerability
 f - a scroll of immolation
 D - a scroll of fear
 F - 2 scrolls of teleportation
 H - a scroll of magic mapping
 T - a scroll of identify
Potions
 d - a potion of attraction
 g - a potion of flight
 m - a potion of ambrosia
 n - 5 potions of curing
 q - a potion of berserk rage
 w - a potion of cancellation
 E - 2 potions of invisibility
 R - a potion of haste {unknown}


   Skills:
 + Level 5.5 Fighting
 + Level 8.2 Axes
 + Level 5.8 Dodging
 + Level 6.4 Stealth
 + Level 5.4 Spellcasting
 - Level 4.9 Conjurations
 - Level 1.7 Hexes
 + Level 3.1 Translocations
 + Level 6.3 Fire Magic
 + Level 1.0 Air Magic
 + Level 1.1 Poison Magic


You had 4 spell levels left.
You knew the following spells:

 Your Spells              Type           Power      Damage    Failure   Level
a - Foxfire               Conj/Fire      100%       2x1d9     1%          1
b - Scorch                Fire           100%       2d9       1%          2
c - Inner Flame           Hex/Fire       42%        N/A       1%          3
d - Flame Wave            Conj/Fire      53%        2d13      3%          4
e - Iskenderun's Mystic   Conj/Tloc      42%        2d10      6%          4
f - Poisonous Vapours     Pois/Air       38%        N/A       3%          2

Your spell library contained the following spells:

 Spells                   Type           Power      Damage    Failure   Level
 Volatile Blastmotes      Fire/Tloc      94%        2d17      1%          3
 Sting                    Tmut/Pois      60%        1d6       2%          1
 Dazzling Flash           Conj/Hex       72%        N/A       2%          3
 Gell's Gravitas          Tloc           34%        N/A       2%          3
 Teleport Other           Tloc           34%        N/A       2%          3
 Ensorcelled Hibernation  Hex/Ice        34%        N/A       3%          2
 Sublimation of Blood     Necr           10%        N/A       4%          2
 Wereblood                Tmut           10%        N/A       4%          2
 Frozen Ramparts          Ice            20%        1d4       9%          3
 Olgreb's Toxic Radiance  Pois           19%        N/A       19%         4
 Starburst                Conj/Fire      26%        6d8       41%         6
 Dispersal                Tloc           17%        N/A       78%         6
 Summon Hydra             Summ           5%         N/A       100%        7


Dungeon Overview and Level Annotations

Branches:
Dungeon (9/15)             Temple (0/1) D:4            Lair (1/5) D:8
 Bailey (visited)
    Orc: D:9-12

Shops:
D:8 :

Annotations:
D:8 3 runed translucent doors, SprigganGuy's ghost, novice SpCj


Innate Abilities, Weirdness & Mutations

You have an increased reservoir of magic. (+10% MP)
You shall have no god before yourself.
Your divine heritage dramatically boosts your attributes as you level up.


Message History

The catoblepas is heavily wounded.
The helpless wolf fails to defend itself.
You hit the wolf. You burn the wolf.
The wolf is engulfed in calcifying dust. x2
The catoblepas gores you!
You hit the catoblepas. You burn the catoblepas.
The catoblepas is heavily wounded.
The helpless wolf fails to defend itself.
You hit the wolf. You burn the wolf.
You kill the wolf!
The catoblepas gores you!!
* * * LOW HITPOINT WARNING * * *
Your Air Magic skill increases to level 1!
Okay, then.
Casting: Scorch (safe; 1% risk of failure)
Confirm with . or Enter, or press ? or * to list all spells.
Okay, then.
Okay, then.
Okay, then.
Saving game... please wait.
Welcome back, croobank the Demigod Fire Elementalist.
Press ? for a list of commands and other information.
Throw: throwing net
Press: ? - help, Q - select action, (/) - cycle Shift-Dir - straight line, f - catoblepas
Aim: a catoblepas (heavily wounded, more vulnerable to fire, 90% to hit)
You throw a throwing net. The throwing net hits the catoblepas.
The catoblepas is caught in the net!
The catoblepas is heavily wounded.
The catoblepas breathes a plume of calcifying dust at you.
The blast of calcifying dust hits you.
* * * LOW HITPOINT WARNING * * *
The catoblepas struggles against the net.
Cast which spell? (? or * to list)
You don't have enough magic to cast this spell.
The catoblepas struggles against the net.
You hit the catoblepas. You burn the catoblepas.
The catoblepas is heavily wounded.
The catoblepas breathes a plume of calcifying dust at you.
The blast of calcifying dust hits you!
You die...

.... .... ..... ...
... ### #†#
####.###..###
###.....§†.$..##
.##.......@Y.......
#..............###.
#..........###
##.....[####
###..### #..# #.##
.. ##.###.8.>
#####..........


You could see a catoblepas (caught, combustible).

Vanquished Creatures
  An orc warlord (Bailey)
  A two-headed ogre (D:8)
  Pikel (D:5)
  Joseph (D:7)
  A komodo dragon (D:8)
  A cane toad (Lair:1)
  Maggie (D:6)
  A troll (D:8)
  Prince Ribbit (D:8)
  2 hornets (D:8)
  A wyvern (D:7)
  8 yaks
  A basilisk (Lair:1)
  A steam dragon (D:8)
  A water moccasin (Lair:1)
  Duvessa (D:7)
  6 orc warriors
  A hornet zombie (D:7)
  An ice beast (D:5)
  A sky beast (D:8)
  7 wolves
  2 ogres
  2 phantoms (D:5)
  A centaur (D:7)
  A lemure (D:6)
  4 bullfrogs
  3 kobold brigands
  A necrophage (D:7)
  A water moccasin zombie (D:7)
  A wyvern zombie (D:7)
  7 scorpions
  Dowan (D:7)
  5 wights (D:7)
  4 killer bees
  6 electric eels
  A howler monkey (D:6)
  A centaur zombie (D:7)
  6 hounds
  3 jellies
  2 gnoll boudas
  A human zombie (D:7)
  4 orc priests
  3 sleepcaps
  5 orc wizards
  5 iguanas
  2 killer bee zombies (D:7)
  3 mummies (D:7)
  12 gnolls
  13 adders
  A river rat (D:4)
  A shadow imp (D:8)
  4 white imps
  2 ufetubi
  A worm (D:3)
  5 dart slugs
  30 orcs
  5 endoplasms
  4 giant cockroaches
  12 goblins
  3 hobgoblins
  10 jackals
  28 kobolds
  4 quokkas
  8 ball pythons
  7 bats
  5 frilled lizards
  8 rats
278 creatures vanquished.

Vanquished Creatures (others)
  619 foxfires
619 creatures vanquished.

Grand Total: 897 creatures vanquished

Notes
Turn   | Place    | Note
-------+----------+-------------------------------------------
     0 | D:1      | croobank the Demigod Fire Elementalist began the quest for
                  | the Orb.
     0 | D:1      | Reached XP level 1. HP: 14/14 MP: 5/5
    52 | D:1      | Reached skill level 1 in Conjurations
   418 | D:1      | Reached XP level 2. HP: 20/20 MP: 4/7
  1020 | D:2      | Learned a level 2 spell: Scorch
  1054 | D:2      | Reached XP level 3. HP: 27/27 MP: 3/8
  1820 | D:2      | Reached skill level 1 in Fighting
  2245 | D:3      | Reached XP level 4. HP: 22/35 MP: 8/10
  2494 | D:3      | Learned a level 3 spell: Inner Flame
  3200 | D:4      | Noticed an ogre
  3207 | D:4      | Killed an ogre
  3208 | D:4      | Reached XP level 5. HP: 41/41 MP: 4/11
  3549 | D:4      | Reached XP level 6. HP: 48/48 MP: 8/13
  4464 | D:4      | Found a staircase to the Ecumenical Temple.
  4506 | D:5      | Entered Level 5 of the Dungeon
  4521 | D:5      | Reached XP level 7. HP: 54/56 MP: 5/14
  4724 | D:5      | Noticed a +0 dagger
  4725 | D:5      | Noticed a +0 dagger
  5238 | D:5      | Learned a level 4 spell: Flame Wave
  5986 | D:6      | Noticed Maggie
  5997 | D:6      | Killed Maggie
  5998 | D:6      | Reached XP level 8. HP: 34/63 MP: 1/17
  6126 | D:6      | Noticed Pikel
  6189 | D:5      | Killed Pikel
  6190 | D:5      | Reached skill level 5 in Fire Magic
  6343 | D:6      | Reached skill level 5 in Stealth
  6485 | D:7      | Identified the +0 war axe of Saipyop {flame, Int+6}
  6523 | D:7      | Found a flagged portal.
  6551 | Bailey   | Entered a bailey
  6595 | Bailey   | Noticed an orc warlord
  6933 | Bailey   | Found a runed translucent gate.
  6933 | Bailey   | Found a runed translucent gate.
  6942 | Bailey   | Found a runed translucent gate.
  6952 | Bailey   | Reached XP level 9. HP: 72/72 MP: 12/19
  6960 | Bailey   | Learned a level 4 spell: Iskenderun's Mystic Blast
  6984 | Bailey   | Killed an orc warlord
  6985 | Bailey   | Reached skill level 5 in Dodging
  6985 | Bailey   | Reached skill level 1 in Hexes
  6985 | Bailey   | Reached skill level 1 in Translocations
  7128 | Bailey   | Acquired the ring of Ungi {rN++ Will+ Str+8 Int+4}
  7244 | D:6      | Reached skill level 1 in Axes
  7454 | D:6      | Reached skill level 2 in Axes
  7744 | D:6      | Acquired a +3 hand crossbow of freezing
  7815 | D:6      | Reached skill level 3 in Axes
  8423 | D:6      | Reached skill level 4 in Axes
  9100 | D:7      | Reached skill level 5 in Axes
  9327 | D:7      | Reached XP level 10. HP: 65/80 MP: 3/20
  9589 | D:7      | Reached skill level 6 in Axes
  9669 | D:7      | Noticed Duvessa
  9688 | D:7      | Killed Duvessa
  9700 | D:7      | Noticed Dowan
  9704 | D:7      | Killed Dowan
 10353 | D:7      | Noticed Joseph
 10373 | D:7      | Killed Joseph
 10374 | D:7      | Reached skill level 7 in Axes
 10818 | D:8      | Noticed a two-headed ogre
 10831 | D:8      | Killed a two-headed ogre
 10832 | D:8      | Reached skill level 5 in Fighting
 10848 | D:8      | Reached skill level 5 in Spellcasting
 10904 | D:8      | Paralysed by a hornet for 2 turns
 11165 | D:8      | Reached skill level 8 in Axes
 11403 | D:8      | Found a staircase to the Lair.
 11434 | D:8      | Identified the +4 ring mail of Midsummer {rN+ Slay+3}
 11861 | D:8      | Found Jaer's Book Boutique.
 11869 | D:8      | Bought the Folio of the Congealing Oath for 308 gold pieces
 11869 | D:8      | Bought a Young Poisoner's Handbook for 280 gold pieces
 11872 | D:8      | Learned a level 2 spell: Poisonous Vapours
 11990 | D:8      | Found a runed translucent gate.
 11991 | D:8      | Found a runed translucent gate.
 11992 | D:8      | Found a runed translucent gate.
 11994 | D:8      | Noticed SprigganGuy's ghost (novice SpCj)
 12033 | D:8      | Noticed Prince Ribbit
 12042 | D:8      | Killed Prince Ribbit
 12780 | D:8      | Reached XP level 11. HP: 21/88 MP: 14/22
 13077 | D:9      | Noticed a skeletal warrior
 13124 | Lair:1   | Entered Level 1 of the Lair of Beasts
 13446 | Lair:1   | Reached skill level 1 in Poison Magic
 13699 | Lair:1   | Noticed a catoblepas
 13715 | Lair:1   | Reached skill level 1 in Air Magic
 13718 | Lair:1   | Killed from afar by a catoblepas

Illustrated notes

Levels and vault maps discovered:
D:1:      dpeg_arrival_round_b, layout_basic, hellmonk_ecumenical_altar_blasted,
          nrook_loot_triangle
D:2:      layout_basic, minmay_circle_x
D:3:      layout_rooms, dreamdust_mushroom_princess, kennysheep_generic_room_2
D:4:      cheibrodos_old_hovel, layout_rooms,
          nicolae_kikubaaqudgha_miasma_corner, tgw_sif, nicolae_ru_awakened_eye,
          minmay_temple_entry_fiery, portal_sewer_entry_b
D:5:      layout_gridville, general_overflow_altar, dancing_weapons_uskayaw,
          minmay_misc_feat_square
D:6:      minmay_octagon_keep, layout_basic, roderic_malta_cross, uniq_maggie,
          uniq_pikel
D:7:      layout_basic, lemuel_mausoleum_altar_yredelemnul, enter_bailey_6,
          uniq_joseph, uniq_duvessa
D:8:      layout_basic, nicolae_qazlal_general_emergency, doesnt_xom_only_xom,
          erik_lair_island, gammafunk_ghost_nasty_kobolds, serial_shops, shop,
          chequers_serial_rivers_room_a, grunt_ministairs_4, uniq_prince_ribbit1
D:9:      layout_roguey, lemuel_round_altar, lightli_temple_of_fire,
          dilly_guarded_unrand_morg, uniq_grum, uniq_gastronok
Lair:1:   layout_cave_pods, serial_bayou_shore_b, grunt_megastairs_1,
          infiniplex_staircase_pool

Skill      XL: |  1  2  3  4  5  6  7  8  9 10 11 |
---------------+----------------------------------+-----
Conjurations   | 1 2 3 4 |  4.9
Stealth        | 2 3 4 5 6 |  6.4
Dodging        | 2 3 4 5 |  5.8
Spellcasting   | 2 3 4 5 |  5.4
Fire Magic     | 3 4 5 6 |  6.3
Fighting       | 1 2 3 4 5 |  5.5
Hexes          | 1 |  1.7
Translocations | 1 2 3 |  3.1
Axes           | 5 8 |  8.2
Poison Magic   | 1 |  1.1
Air Magic      | 1 |  1.0

Action                     |  1- 3 |  4- 6 |  7- 9 | 10-12 || total
---------------------------+-------+-------+-------+-------++-------
  Melee: Dagger            |    23 |    90 |    29 |    33 ||   175
         Punch             |       |     2 |     1 |     1 ||     4
         War axe           |       |       |    62 |    83 ||   145
   Fire: Hand crossbow     |       |       |     7 |       ||     7
  Throw: Throwing net      |       |       |       |     1 ||     1
   Cast: Foxfire           |    68 |    71 |   110 |   108 ||   357
         Scorch            |    14 |    34 |   114 |    94 ||   256
         Inner Flame       |       |     1 |     1 |     3 ||     5
         Poisonous Vapours |       |       |       |     4 ||     4
         Iskenderun's Myst |       |       |       |     2 ||     2
  Evoke: Wand              |       |       |       |     3 ||     3
    Use: Scroll            |     4 |     2 |    13 |     4 ||    23
         Potion            |     5 |     2 |     4 |     2 ||    13
   Stab: Sleeping          |     3 |     2 |     9 |     6 ||    20
         Petrified         |       |       |       |     2 ||     2
 Armour: Robe              |     8 |    23 |     1 |       ||    32
         Steam dragon scal |       |       |    22 |    23 ||    45
  Dodge: Dodged            |    52 |    91 |   174 |   177 ||   494
